 Dungeon Crawl Stone Soup version 0.29-a0-648-g6b26cc9f40 (webtiles) character file.

Game seed: 4654080034435869318

11 xian the Magician (level 2, -1/19 HPs)
             Began as a Demonspawn Hedge Wizard on June 20, 2022.
             Slain by a jackal (3 damage)
             ... on level 1 of the Dungeon.
             The game lasted 00:02:33 (885 turns).

xian the Magician (Demonspawn Hedge Wizard)          Turns: 885, Time: 00:02:34

Health: -1/19      AC:  2    Str: 10    XL:     2   Next: 17%
Magic:  6/6        EV: 12    Int: 15    God:
Gold:   19         SH:  0    Dex: 12    Spells: 6/7 levels left

rFire   . . .      SeeInvis .   e - +0 short sword
rCold   . . .      Faith    .   (no shield)
rNeg    . . .      Spirit   .   b - +0 robe
rPois   .          Reflect  .   c - +0 hat
rElec   .          Harm     .   (no cloak)
rCorr   .          Rampage  .   (no gloves)
Will    .....                   (no boots)
Stlth   ++........              (no amulet)
HPRegen 0.06/turn               (no ring)
MPRegen 0.10/turn               (no ring)

@: no status effects
A: demonic guardian 1
a: no special abilities


You were on level 1 of the Dungeon.
You visited 1 branch of the dungeon, and saw 2 of its levels.

You collected 19 gold pieces.

Inventory:

Hand Weapons
 e - a +0 short sword (weapon)
Missiles
 g - 6 poisoned darts
Armour
 b - a +0 robe (worn)
 c - a +0 hat (worn)
Scrolls
 f - a scroll of teleportation {unknown}
 h - a scroll of amnesia {unknown}
 i - a scroll of poison {unknown}
 j - a scroll of silence {unknown}
 k - a scroll of enchant armour {unknown}
Potions
 a - 2 potions of curing {unknown}
 d - a potion of magic


   Skills:
 + Level 0.3 Short Blades
 + Level 2.0 Dodging
 + Level 1.8 Stealth
 + Level 3.2 Spellcasting
 + Level 1.2 Conjurations
 + Level 1.0 Summonings
 + Level 0.8 Translocations


You had 6 spell levels left.
You knew the following spells:

 Your Spells              Type           Power      Damage    Failure   Level
a - Magic Dart            Conj           24%        1d4       12%         1

Your spell library contained the following spells:

 Spells                   Type           Power      Damage    Failure   Level
 Slow                     Hex            8%         N/A       21%         1
 Blink                    Tloc           10%        N/A       21%         2
 Call Imp                 Summ           5%         N/A       21%         2
 Sublimation of Blood     Necr           2%         N/A       30%         2
 Conjure Flame            Conj/Fire      4%         6-21      41%         3
 Mephitic Cloud           Conj/Pois/Air  3%         N/A       45%         3
 Petrify                  Tmut/Erth      2%         N/A       89%         4
 Alistair's Intoxication  Tmut/Pois      1%         N/A       99%         5
 Borgnjor's Vile Clutch   Necr/Erth      1%         N/A       99%         5
 Irradiate                Conj/Tmut      2%         3d14      99%         5
 Eringya's Noxious Bog    Tmut/Pois      1%         N/A       100%        6


Dungeon Overview and Level Annotations

Branches:
Dungeon (2/15)

Altars:


Innate Abilities, Weirdness & Mutations

A weak demonic guardian rushes to your aid.


Message History

The goblin shouts!
The jackal barks!
You hit the jackal.
The jackal is moderately wounded.
You hear an angry hiss.
The jackal bites you.
You hit the jackal.
The jackal is almost dead.
The jackal barely misses you. The jackal bites you.
You closely miss the jackal.
The jackal is almost dead.
The jackal barely misses you.
The jackal bites you but does no damage.
The ball python hisses angrily.
You hit the jackal but do no damage.
The jackal is almost dead.
The jackal barely misses you. The jackal closely misses you.
The jackal barely misses you.
You hit the jackal but do no damage.
The jackal is almost dead.
The jackal bites you. x2; The jackal closely misses you.
You hit the jackal but do no damage.
The jackal is almost dead.
The jackal bites you. x2; The jackal barely misses you.
The jackal attacks as you move away! The jackal bites you.
The jackal attacks as you move away! The jackal closely misses you.
The jackal bites you.
There is a stone staircase leading up here.
The jackal bites you.
* * * LOW HITPOINT WARNING * * *
The jackal bites you but does no damage.
You climb upwards.
There is a stone staircase leading down here.
You closely miss the jackal.
The jackal is almost dead.
The jackal misses you. x2; The jackal bites you.
* * * LOW HITPOINT WARNING * * *
A demonic guardian appears!
The jackal barely misses you. The jackal attacks as you move away!
The jackal bites you.
You die...

#.# ##...............### #.#
##...#....#####.... #######.#
########.#######.. #.......#
#............. #.......#####
#........#'### #...........#
#........#.#.#
#...........#####........#....
#..........5.h...........#..♣.
#..........#h@...........#≈#♣♣
#######.##.######........#≈#P♣
#.##...............#≈#>.
##.#########........#≈#P♣
##..# #........#≈#♣♣ #..##
###........#..♣. ###.#######
#.[........#....
#.........###.#........#.#.#
#.........#............#'###


You could see 2 jackals and a friendly white imp (summoned).

Vanquished Creatures
  3 endoplasms (D:1)
  A goblin (D:1)
  A hobgoblin (D:1)
  3 kobolds
  4 rats (D:1)
12 creatures vanquished.

Notes
Turn   | Place    | Note
-------+----------+-------------------------------------------
     0 | D:1      | xian the Demonspawn Hedge Wizard began the quest for the
                  | Orb.
     0 | D:1      | Reached XP level 1. HP: 13/13 MP: 4/4
   449 | D:1      | Gained mutation: A weak demonic guardian rushes to your
                  | aid. [demonic ancestry]
   449 | D:1      | Reached XP level 2. HP: 10/19 MP: 3/6
   885 | D:1      | Slain by a jackal

Illustrated notes

Levels and vault maps discovered:
D:1:      tarquinn_simple_flora_water_b, layout_rooms
D:2:      layout_loops_corners, shapermc_ecumenical_altar_acropolis

Skill      XL: |  1  2 |
---------------+-------+-----
Dodging        | 2 |  2.0
Short Blades   | |  0.3
Stealth        | |  1.8
Spellcasting   | |  3.2
Conjurations   | |  1.2
Summonings     | |  1.0
Translocations | |  0.8

Action                   || total
-------------------------++-------
Melee: Short sword       ||    32
       Dagger            ||     5
 Cast: Magic Dart        ||     9
Armor: Robe              ||     4
Dodge: Dodged            ||    27

Table legend: (Time is in decaauts)
 A = Elapsed time spent in this place.
 B = Non-inter-level travel time spent in this place.
 C = Inter-level travel time spent in this place.
 D = Time resting spent in this place.
 E = Time spent auto-exploring this place.
 F = Levels seen in this place.
 G = Mean time per level.
                   A        B        C        D        E       F      G
               +--------+--------+--------+--------+--------+-----+--------+
         Total |    887 |    887 |      0 |      0 |    593 |   2 |  443.5 |
       Dungeon |    887 |    887 |      0 |      0 |    593 |   2 |  443.5 |
               +--------+--------+--------+--------+--------+-----+--------+

Top non-repeatable levels by time:
     D:1: 782 daAuts
     D:2: 104 daAuts
